 Dungeon Crawl Stone Soup version 0.20.1-1-g8b1a95d (webtiles) character file.

3430 vishdafish the Grappler (level 9, -10/121 HPs)
             Began as a Troll Earth Elementalist on July 14, 2017.
             Was a Believer of Makhleb.
             Mangled by a yak (16 damage)
             ... on level 7 of the Dungeon.
             The game lasted 00:14:00 (5391 turns).

vishdafish the Grappler (Troll Earth Elementalist)  Turns: 5391, Time: 00:14:02

Health: -10/121    AC:  7    Str: 23    XL:     9   Next: 77%
Magic:  8/8        EV: 10    Int: 14    God:    Makhleb [**....]
Gold:   309        SH:  0    Dex: 10    Spells: 9/10 levels left

rFire    + . .     SeeInvis .     - Unarmed
rCold    + . .     Gourm    +   (no shield)
rNeg     . . .     Faith    .   B - +1 robe
rPois    +         Spirit   .   G - +1 hat
rElec    .         Reflect  .   D - scarf {rC+ rF+}
rCorr    .         Harm     .   (gloves unavailable)
MR       +....                  (boots unavailable)
Stlth    ..........             (no amulet)
Regen    0.7/turn               y - ring of poison resistance
MPRegen  0.2/turn               (no ring)

@: berserking (expiring), very quick
A: unfitting armour, claws 3, fast metabolism 3, gourmand, low mp 1, magic
resistance 1, regeneration 1, robust 1, shaggy fur 1, tough skin 2
a: Minor Destruction, Renounce Religion


You were on level 7 of the Dungeon.
You worshipped Makhleb.
Makhleb was pleased with you.
You were very full.

You visited 1 branch of the dungeon, and saw 8 of its levels.

You collected 309 gold pieces.

Inventory:

Missiles
 b - 161 stones (quivered)
Armour
 c - a +0 robe
 B - a +1 robe (worn)
 D - a scarf of resistance (worn)
 G - a +1 hat (worn)
Jewellery
 l - an uncursed ring of ice
 y - a ring of poison resistance (left claw)
Wands
 a - a wand of lightning (6/15)
 C - a wand of random effects (22/48)
 E - a wand of confusion (13/48)
 I - a wand of enslavement (16/24)
Scrolls
 i - 3 scrolls of fear {unknown}
 j - 2 scrolls of teleportation {unknown}
 k - a scroll of recharging {unknown}
 p - 3 scrolls of enchant armour {unknown}
 q - a scroll of noise {unknown}
 r - 2 scrolls of remove curse {unknown}
 s - a scroll of immolation {unknown}
 t - a scroll of blinking {unknown}
 w - 2 scrolls of magic mapping {unknown}
 x - 3 scrolls of enchant weapon {unknown}
 M - a scroll of fog {unknown}
Potions
 h - 4 potions of heal wounds
 m - a potion of degeneration
 u - 4 potions of brilliance
 v - 2 potions of haste
 F - a potion of berserk rage
 L - a potion of resistance {unknown}
Books
 e - a book of Geomancy

   Spells                             Type                      Level
   a - Sandblast                      Earth                        1
   b - Passwall                       Transmutation/Earth          2
   c - Stone Arrow                    Conjuration/Earth            3
   d - Petrify                        Transmutation/Earth          4
   e - Lee's Rapid Deconstruction     Earth                        5
 H - a book of Air

   Spells                             Type                      Level
   a - Shock                          Conjuration/Air              1
   b - Swiftness                      Charms/Air                   2
   c - Static Discharge               Conjuration/Air              3
   d - Airstrike                      Air                          4
   e - Lightning Bolt                 Conjuration/Air              5
Comestibles
 d - 6 bread rations
 z - 4 meat rations
 A - a royal jelly


   Skills:
 - Level 0.1 Fighting
 - Level 2.4 Dodging
 - Level 1.2 Stealth
 + Level 9.6 Unarmed Combat
 - Level 1.3 Spellcasting
   Level 0.6 Transmutations
 + Level 9.3 Earth Magic


You had 9 spell levels left.
You knew the following spells:

 Your Spells              Type           Power        Failure   Level  Hunger
a - Sandblast             Erth           ####..       1%          1    ##.....


Dungeon Overview and Level Annotations

Branches:
Dungeon (8/15)
 Temple: D:4-7         Lair: D:8-11

Altars:
Dithmenos
Fedhas
Kikubaaqudgha
Makhleb
Nemelex Xobeh
Sif Muna
Uskayaw
Vehumet
Yredelemnul
The Shining One


Innate Abilities, Weirdness & Mutations

You are too large for most types of armour.
You have claws for hands.
Your metabolism is lightning-fast.
You like to eat raw meat.
Your natural rate of healing is unusually fast.
You are covered in fur. (AC +1)
You have very tough skin. (AC +2)
Your magical capacity is low. (-10% MP)
You are resistant to hostile enchantments. (MR+)
You are robust. (+10% HP)


Message History

You feel yourself moving faster!
You feel mighty! The yak gores you.
* * * LOW HITPOINT WARNING * * *
You scratch the yak.
The yak is moderately wounded.
You claw the yak!
The yak is heavily wounded.
The yak gores you!
* * * LOW HITPOINT WARNING * * *
You barely miss the yak.
The yak is heavily wounded.
The yak barely misses you.
You are too berserk!
You mangle the yak!!
You kill the yak!
Makhleb accepts your kill.
You barely miss the yak. You claw the yak!
The yak is moderately wounded.
The yak gores you!
You die...

# .# ##########.#######
.. .. #...........#.....
#.#.###.######......####
....................)#
...#.######......#.##
#.#.####............
#YY........#.......
#.#Y####.##...#.#.##
..##@# #.###.##.#.# ....
#.# #.# #.##.#.# ###.
#.####.# #.##.# #.
#......# #.##..
#..######..# #.####
..........# #..
#.######.## ### #.# #.#


You could see 3 yaks.

Vanquished Creatures
  Prince Ribbit (D:5)
  The ghost of Turgon the Covert, an amateur OpHu (D:5)
  Sigmund (D:4)
  3 yaks (D:7)
  A basilisk (D:8)
  Edmund (D:4)
  A porcupine (D:8)
  3 sky beasts
  2 phantoms
  2 ogres
  A crocodile (D:7)
  2 centaurs
  4 bullfrogs
  A scorpion (D:7)
  4 killer bees (D:8)
  3 crimson imps
  2 bullfrog zombies (D:5)
  2 hounds
  A jelly (D:7)
  2 bullfrog skeletons
  2 orc priests (D:8)
  3 orc wizards
  An iguana (D:8)
  2 worker ants
  A hound skeleton (D:7)
  5 gnolls
  5 adders
  A shadow imp (D:7)
  4 worms
  A dart slug (D:2)
  A leopard gecko (D:7)
  20 orcs
  5 giant cockroaches
  7 goblins
  5 hobgoblins
  12 jackals
  8 kobolds
  3 quokkas
  A ball python (D:3)
  9 bats
  5 frilled lizards
  12 rats
151 creatures vanquished.

Vanquished Creatures (others)
  3 bushes (D:8)
  4 fungi (D:8)
  14 plants (D:8)
21 creatures vanquished.

Grand Total: 172 creatures vanquished

Notes
Turn   | Place    | Note
-------+----------+-------------------------------------------
     0 | D:1      | vishdafish the Troll Earth Elementalist began the quest for the Orb.
     0 | D:1      | Reached XP level 1. HP: 16/16 MP: 1/1
     8 | D:1      | Noticed an ogre
   200 | D:1      | Reached XP level 2. HP: 21/24 MP: 2/2
   690 | D:2      | Reached XP level 3. HP: 28/31 MP: 4/4
   922 | D:2      | Reached skill level 1 in Unarmed Combat
  1030 | D:2      | Reached XP level 4. HP: 31/39 MP: 5/5
  2162 | D:3      | Found a sparkling altar of Nemelex Xobeh.
  2514 | D:3      | Reached XP level 5. HP: 42/45 MP: 6/6
  2680 | D:4      | Found an ancient bone altar of Kikubaaqudgha.
  2687 | D:4      | Found a glowing golden altar of the Shining One.
  2694 | D:4      | Found a radiant altar of Vehumet.
  2701 | D:4      | Found a shadowy altar of Dithmenos.
  2708 | D:4      | Found a basalt altar of Yredelemnul.
  2715 | D:4      | Found a burning altar of Makhleb.
  2720 | D:4      | Became a worshipper of Makhleb the Destroyer
  2726 | D:4      | Found a hide-covered altar of Uskayaw.
  2797 | D:4      | Noticed Sigmund
  2808 | D:4      | Noticed a two-headed ogre
  2811 | D:5      | Entered Level 5 of the Dungeon
  2945 | D:4      | Killed Sigmund
  2945 | D:4      | Reached XP level 6. HP: 53/53 MP: 7/7
  3045 | D:4      | Found a deep blue altar of Sif Muna.
  3165 | D:4      | Reached skill level 5 in Earth Magic
  3386 | D:4      | Noticed Edmund
  3404 | D:4      | Killed Edmund
  3404 | D:4      | Reached XP level 7. HP: 53/59 MP: 8/8
  3639 | D:5      | Reached skill level 5 in Unarmed Combat
  3834 | D:5      | Noticed Turgon's ghost (amateur OpHu)
  3855 | D:5      | Killed Turgon's ghost
  3893 | D:5      | Noticed Prince Ribbit
  3902 | D:5      | Killed Prince Ribbit
  3902 | D:5      | Reached XP level 8. HP: 65/67 MP: 6/9
  4529 | D:6      | Found a blossoming altar of Fedhas.
  4550 | D:6      | Reached * piety under Makhleb
  4629 | D:6      | You fall through a shaft for 2 floors!
  4928 | D:8      | Reached XP level 9. HP: 60/74 MP: 10/10
  4998 | D:8      | HP: 3/74 [sky beast (6)]
  5004 | D:8      | Gained mutation: Your body sometimes deteriorates upon taking damage. [mutagenic meat]
  5005 | D:8      | Gained mutation: You expend magic power (3 MP) to strengthen your wands. [mutagenic meat]
  5006 | D:8      | Gained mutation: You are frail. (-10% HP) [mutagenic meat]
  5007 | D:8      | Gained mutation: Your magical capacity is low. (-10% MP) [mutagenic meat]
  5008 | D:8      | Gained mutation: You are clumsy. (Dex -2) [mutagenic meat]
  5013 | D:8      | Lost mutation: You are clumsy. (Dex -2) [potion of mutation]
  5013 | D:8      | Lost mutation: Your body sometimes deteriorates upon taking damage. [potion of mutation]
  5013 | D:8      | Lost mutation: You are frail. (-10% HP) [potion of mutation]
  5013 | D:8      | Lost mutation: You expend magic power (3 MP) to strengthen your wands. [potion of mutation]
  5013 | D:8      | Lost mutation: Your magical capacity is low. (-10% MP) [potion of mutation]
  5013 | D:8      | Gained mutation: You are resistant to hostile enchantments. (MR+) [potion of mutation]
  5013 | D:8      | Gained mutation: Your magical capacity is low. (-10% MP) [potion of mutation]
  5013 | D:8      | Gained mutation: You are robust. (+10% HP) [potion of mutation]
  5051 | D:8      | Noticed a two-headed ogre
  5272 | D:7      | Reached ** piety under Makhleb
  5387 | D:7      | HP: 5/121 [yak (15)]
  5391 | D:7      | Mangled by a yak

Skill      XL: |  1  2  3  4  5  6  7  8  9 |
---------------+----------------------------+-----
Earth Magic    | 3 4 5 6 7 9 |  9.3
Unarmed Combat | 1 2 3 4 6 8 9 |  9.6
Dodging        | 2 |  2.4
Fighting       | |  0.1
Stealth        | |  1.2
Spellcasting   | |  1.3
Transmutations | |  0.6

Action                   |  1- 3 |  4- 6 |  7- 9 || total
-------------------------+-------+-------+-------++-------
Melee: Unarmed           |   128 |   169 |   279 ||   576
       Punch             |     1 |     1 |     3 ||     5
 Cast: Sandblast         |       |     3 |    16 ||    19
Evoke: Wand              |       |       |     4 ||     4
  Use: Potion            |       |       |     9 ||     9
       Scroll            |       |       |     3 ||     3
 Stab: Sleeping          |     1 |     2 |     3 ||     6
       Confused          |       |       |     1 ||     1
  Eat: Bread ration      |     1 |     1 |     1 ||     3
       Chunk             |     4 |    17 |    27 ||    48
Armor: Robe              |    65 |    57 |   103 ||   225
Dodge: Dodged            |    81 |    81 |   124 ||   286
